 Dungeon Crawl Stone Soup version 0.31-a0-1336-g7fd7ca34b5 (webtiles) character file.

Game seed: 2457171873142516212

2 kae the Vexing (level 1, 0/13 HPs)
             Began as a Demonspawn Enchanter on Dec 21, 2023.
             Slain by a kobold
             ... wielding a +0 club
              (3 damage)
             ... on level 1 of the Dungeon.
             The game lasted 00:00:08 (49 turns).

kae the Vexing (Demonspawn Enchanter)                 Turns: 49, Time: 00:00:09

Health: 0/13       AC:  2    Str:  8    XL:     1   Next: 25%
Magic:  3/3        EV: 12    Int: 15    God:
Gold:   28         SH:  0    Dex: 13    Spells: 4/4 levels left

rFire   . . .        a - +1 dagger
rCold   . . .        (no shield)
rNeg    . . .        b - +0 robe
rPois   .            (no helmet)
rElec   .            (no cloak)
rCorr   .            (no gloves)
SInv    .            (no boots)
Will    .....        (no amulet)
Stlth   ++           (no ring)
HPRegen 0.22/turn    (no ring)
MPRegen 0.08/turn

%: no passive effects
@: no status effects
A: no striking features
a: no special abilities


You were on level 1 of the Dungeon.
You visited 1 branch of the dungeon, and saw 1 of its levels.

You collected 28 gold pieces.


   Skills:
 + Level 0.0 Fighting
 * Level 1.0 Short Blades
 - Level 1.7 Dodging
 * Level 2.7 Stealth
 + Level 2.0 Spellcasting
 + Level 3.0 Hexes


You had 4 spell levels left.
You didn't know any spells.
Your spell library contained the following spells:

 Spells                   Type           Power      Damage    Failure   Level
 Ensorcelled Hibernation  Hex/Ice        12%        N/A       19%         2
 Confusing Touch          Hex            10%        N/A       19%         3
 Tukima's Dance           Hex            10%        N/A       19%         3
 Dazzling Flash           Conj/Hex       12%        N/A       34%         3

Inventory:

Hand Weapons
 a - a +1 dagger (weapon)
Armour
 b - a +0 robe (worn)
Scrolls
 d - a scroll of fear {unknown}
Potions
 c - 2 potions of invisibility

Dungeon Overview and Level Annotations

Branches:
Dungeon (1/15) Zot: 5950

Altars:

#######.######
#~~#.......#~~# #####..
#~#.........#~#..........
##...........## .........
#.............# .#......
#.............## ....#?#
#...^.........#.#....#.###
.......<........@#........
#...........).#.#KK.......
#.............##..........
#.............#.%.........
##...........##...........
#~#.........#~#...........
#~~#.......#~~#......S....
#######.#######...........
.....#...#................


You could see a ball python (wandering) and 2 kobolds.


Message History

Lua error: /dgldir/rcfiles/crawl-git/kae.rc:525: unexpected symbol near '#' 🤖 Initializing magus.rc ...
Bad monster_list_colour key: strict_neutral Bad channel name 'pray' for runrest: 'pray:' Options error: Missing colour in message_colour setting: 'that.*feels deathly cold' Options error: Missing colour in message_colour setting: 'and you must be Full or above to equip it' Options error: Missing colour in message_colour setting: 'but rights himself reflexively soon after' Options error: Missing colour in message_colour setting: 'before it is too late' ✅ Successfully initialized magus.rc [v1.11.3] Welcome, kae the Demonspawn Enchanter.
A smirking vizier told you that the Orb of Zot is just within this dungeon.
Press ? for a list of commands and other information.
Found 13 gold pieces, a club and a scroll labelled FAGEUS PUZORPH.
Found a staircase leading out of the dungeon.
You now have 13 gold pieces.
d - a scroll labelled FAGEUS PUZORPH You now have 20 gold pieces (gained 7).
You now have 28 gold pieces (gained 8).
A hobgoblin comes into view.
A kobold and a rat come into view.
The hobgoblin shouts!
The rat squeaks loudly.
You hear a shout!
The kobold shouts!
There are monsters nearby!
An endoplasm comes into view.
The hobgoblin barely misses you.
There are monsters nearby!
You hit the hobgoblin. You barely miss the hobgoblin. The hobgoblin hits you.
There are monsters nearby! 😮 HP[-4]
You take 4 damage, and now have 9/13 hp.
MASSIVE DAMAGE!! (PAUSE) Unknown command.
The endoplasm quivers.
You hit the hobgoblin.
You kill the hobgoblin! 😕 HP[+1] Unknown command.
Unknown command.
Unknown command.
You swing at nothing.
You barely miss the rat. The rat bites you. 😮 HP[-1]
You take 1 damage, and now have 9/13 hp.
You hit the rat. The rat barely misses you.
You barely miss the rat. The rat bites you. 😮 HP[-1]
You take 1 damage, and now have 8/13 hp.
You closely miss the rat. The rat bites you.
You hit the rat.
You kill the rat!
A kobold comes into view. It is wielding a +0 whip of draining.
Your Short Blades skill increases to level 1!
You hit the kobold.
A ball python comes into view.
The kobold closely misses you.
You barely miss the kobold. The kobold closely misses you.
You closely miss the kobold. The kobold hits you with a +0 club.
* * * LOW HITPOINT WARNING * * *
😨 HP[-4]
You take 4 damage, and now have 4/13 hp.
MASSIVE DAMAGE!! (PAUSE)
You miss the kobold. The kobold closely misses you. 😨 HP[+1]
You barely miss the kobold. The kobold hits you with a +0 club.
* * * LOW HITPOINT WARNING * * *
😱 HP[-2]
You take 2 damage, and now have 3/13 hp.
You hit the kobold but do no damage. The kobold hits you but does no damage.
You barely miss the kobold. The kobold hits you with a +0 club.
You die...

Skill      XL: |  1 |
---------------+----+-----
Short Blades   | 1 |  1.0
Dodging        | |  1.7
Stealth        | |  2.7
Spellcasting   | |  2.0
Hexes          | |  3.0

Action                     || total
---------------------------++-------
  Melee: Dagger            ||    15
 Armour: Robe              ||     8
  Dodge: Dodged            ||     5

Levels and vault maps discovered:
D:1:      psy_arrival_dodecagon, layout_rooms, minmay_worlds_worst_comb

Notes
Turn   | Place    | Note
-------+----------+-------------------------------------------
     0 | D:1      | kae the Demonspawn Enchanter began the quest for the Orb.
     0 | D:1      | Reached XP level 1. HP: 13/13 MP: 3/3
     0 | D:1      | magus.rc [v1.11.3]
    43 | D:1      | Reached skill level 1 in Short Blades
    47 | D:1      | HP: 3/13 [kobold/+0 club (2)]
    49 | D:1      | Slain by a kobold

Vanquished Creatures
  A hobgoblin (D:1)
  A rat (D:1)
2 creatures vanquished.

Table legend:
 A = Non-vault XP
 B = Vault XP
 C = Vault XP percentage of total XP
 D = Non-vault monster count
 E = Vault monster count
 F = Vault count percentage of total count
                 A         B        C        D         E       F
            +---------+---------+-------+---------+---------+-------
      Total |       3 |       0 |   0.0 |       2 |       0 |   0.0
            +---------+---------+-------+---------+---------+-------
        D:1 |       3 |       0 |   0.0 |       2 |       0 |   0.0
            +---------+---------+-------+---------+---------+-------

Skill      XL: |  1 |
---------------+----+-----
Short Blades   | 1 |  1.0
Dodging        | |  1.7
Stealth        | |  2.7
Spellcasting   | |  2.0
Hexes          | |  3.0

Action                     || total
---------------------------++-------
  Melee: Dagger            ||    15
 Armour: Robe              ||     8
  Dodge: Dodged            ||     5

Illustrated notes

Table legend:
 A = Kills in this place as a percentage of kills in the entire game.
 B = Kills by you in this place as a percentage of kills by you in the entire game.
 C = Kills by friends in this place as a percentage of kills by friends in the entire game.
 D = Other kills in this place as a percentage of other kills in the entire game.
 E = Experience gained in this place as a percentage of experience gained in the entire game.
 F = Experience gained in this place divided by the number of levels of this place that you have seen.
                   A       B       C       D       E      F
               +-------+-------+-------+-------+-------+----------------------
         Total | 100.0 | 100.0 |   N/A |   N/A | 100.0 |   3.0
       Dungeon | 100.0 | 100.0 |   N/A |   N/A | 100.0 |   3.0
               +-------+-------+-------+-------+-------+----------------------

Table legend: (Time is in decaauts)
 A = Elapsed time spent in this place.
 B = Non-inter-level travel time spent in this place.
 C = Inter-level travel time spent in this place.
 D = Time resting spent in this place.
 E = Time spent auto-exploring this place.
 F = Levels seen in this place.
 G = Mean time per level.
                   A        B        C        D        E       F      G
               +--------+--------+--------+--------+--------+-----+--------+
         Total |     48 |     48 |      0 |      0 |     26 |   1 |   48.0 |
       Dungeon |     48 |     48 |      0 |      0 |     26 |   1 |   48.0 |
               +--------+--------+--------+--------+--------+-----+--------+

Top non-repeatable levels by time:
     D:1: 48 daAuts
